 Dungeon Crawl Stone Soup version 0.26-b1-32-g5d43845318 (webtiles) character file.

Game seed: 11483180915179450437

2611 Mattiprrivan the Cudgeller (level 9, -9/81 HPs)
             Began as a Troll Gladiator on Jan 5, 2021.
             Was an Initiate of Nemelex Xobeh.
             Killed by divine providence
             ... invoked by an orc priest
              (11 damage)
             ... on level 6 of the Dungeon.
             The game lasted 01:16:22 (5690 turns).

Mattiprrivan the Cudgeller (Troll Gladiator)        Turns: 5690, Time: 01:16:28

Health: -9/81      AC: 10    Str: 25    XL:     9   Next: 34%
Magic:  8/8        EV: 11    Int:  4    God:    Nemelex Xobeh [......]
Gold:   282        SH:  0    Dex: 13    Spells: 8/8 levels left

rFire    . . .     SeeInvis .   l - +2 flail (drain)
rCold    + . .     Faith    .   (no shield)
rNeg     . . .     Spirit   .   g - +2 robe {rC+}
rPois    .         Reflect  .   c - +0 hat
rElec    .         Harm     .   n - +1 cloak
rCorr    .         Rampage  .   (gloves unavailable)
Will     .....                  (boots unavailable)
Stlth    +++.......             (no amulet)
HPRegen  0.63/turn              (no ring)
MPRegen  0.11/turn              (no ring)

@: no status effects
A: large, unfitting armour, claws 3, horns 1, camouflage 1, regeneration 1,
shaggy fur 1, tough skin 3
a: Renounce Religion, Draw Escape, Draw Destruction, Draw Summoning


You were on level 6 of the Dungeon.
You worshipped Nemelex Xobeh.
Nemelex Xobeh was noncommittal.
You visited 2 branches of the dungeon, and saw 7 of its levels.
You also visited: Sewer.

You collected 483 gold pieces.
You spent 201 gold pieces at shops.

Inventory:

Hand Weapons
 a - a +2 flail
 l - a +2 flail of draining (weapon)
 r - a +0 giant club
Missiles
 e - 5 atropa-tipped darts (quivered)
 i - 9 poisoned darts
 j - 10 boomerangs
Armour
 b - a +1 robe
 c - a +0 hat (worn)
 g - a +2 robe of cold resistance (worn)
 n - a +1 cloak (worn)
Jewellery
 f - an uncursed amulet of magic regeneration
 s - an uncursed ring of fire
Scrolls
 h - 5 scrolls of remove curse
 o - a scroll of blinking
 q - 2 scrolls of identify


   Skills:
 * Level 3.1 Fighting
 * Level 2.5(4.8) Axes
 * Level 6.2(6.8) Maces & Flails
 * Level 2.5(3.6) Polearms
 * Level 2.7(4.9) Staves
 * Level 3.6 Throwing
 * Level 2.7 Armour
 * Level 4.2 Dodging
 * Level 1.8 Stealth
 * Level 3.1 Unarmed Combat
 * Level 2.1 Evocations


You had 8 spell levels left.
You didn't know any spells.
Your spell library was empty.

Dungeon Overview and Level Annotations

Branches:
Dungeon (6/15)             Temple (1/1) D:6           Sewer (visited)

Altars:
Ashenzari
Cheibriados
Dithmenos
Elyvilon
Gozag
Hepliaklqana
Kikubaaqudgha
Makhleb
Nemelex Xobeh
Okawaru
Qazlal
Ru
Trog
Uskayaw
Vehumet
Wu Jian
Xom
Yredelemnul
The Shining One

Shops:
D:6 (


Innate Abilities, Weirdness & Mutations

You are too large for most types of armour.
You have claws for hands.
Your natural rate of healing is unusually fast.
You are covered in fur. (AC +1)
You have extremely tough skin. (AC +3)
You have a pair of small horns on your head.
Your skin changes colour to match your surroundings (Stealth+).


Message History

* * * LOW HITPOINT WARNING * * *
Throw: javelin
Press: ? - help, Q - select action, (/) - cycle Shift-Dir - straight line, f - orc priest
Aim: an orc priest, wielding a +0 mace and wearing a +0 chain mail You throw a javelin.
The javelin pierces through the orc priest!
The orc priest is severely wounded.
The orc priest barely misses you.
You barely miss the orc priest. You headbutt the orc priest.
The orc priest is almost dead.
The orc warrior hits you from afar with a +0 glaive!
* * * LOW HITPOINT WARNING * * *
Okay, then.
Blink to where?
Press: ? - help, Dir - move target, p - orc priest
As you read the scroll of blinking, it crumbles to dust.
The orc priest mumbles some strange prayers to Beogh against you.
Beogh smites you!
You die...
Your body disappears without a glow.

*,,,,,.....(#,*,,,,*,*,,,,,,* ##
**,***#....(#,*,#*,*,*,,,,,,* #.
*,* *.....#,#.##,*,*,,,,,,* #.
*,* *,....#.#..,,*,*,..,,,* #.
*,* *,,..)#.'#***+,*,...,,* #.
*,* ***#..#..,,,,,,*,....** #)
*,* #..'########'.....#####. *,*
####o.....................
**,****#.§o.....@...#,,..........
*,,,,,,#.##.........#,,..........
******,#.##.........'............
*,#.##.........#............
*,#..'.........#*######.>...
*,####..........,,,...'..... *,*
##'#'#############.....
*,****#.#...................
*,,,,,#.#####.....#########.


You could see an orc warrior and an orc priest.

Vanquished Creatures
  Grinder (D:6)
  Menkaure (D:6)
  A phantom (D:6)
  A sky beast (D:5)
  An ogre (D:5)
  5 centaurs
  3 bullfrogs
  6 killer bees (D:6)
  3 vampire bats (D:5)
  2 jellies (D:5)
  6 orc priests
  5 orc wizards
  A bullfrog skeleton (D:5)
  Ijyb (D:3)
  An iguana (D:6)
  Natasha (thrice) (D:3)
  3 worker ants (D:4)
  The ghost of lasso the Sneak, a weakling MiDe (D:5)
  2 hound skeletons
  17 adders
  A shadow imp (D:5)
  3 white imps
  2 ufetubi
  5 oozes (Sewer)
  An adder zombie (D:5)
  7 worms
  5 dart slugs
  13 leopard geckos
  23 orcs
  18 ball pythons
  4 bats (D:2)
  3 bat skeletons (D:5)
  3 bat zombies (D:5)
  15 giant cockroaches
  4 goblins (D:1)
  8 hobgoblins
  4 jackals (D:1)
  12 frilled lizards
  A jackal skeleton (D:5)
  5 kobolds
  A leopard gecko zombie (D:5)
  A quokka skeleton (D:6)
  A quokka zombie (D:5)
  7 rats
211 creatures vanquished.

Vanquished Creatures (others)
  A worm (D:2)
  A fungus (D:1)
  4 toadstools (D:1)
6 creatures vanquished.

Grand Total: 217 creatures vanquished

Notes
Turn   | Place    | Note
-------+----------+-------------------------------------------
     0 | D:1      | Mattiprrivan the Troll Gladiator began the quest for the
                  | Orb.
     0 | D:1      | Reached XP level 1. HP: 19/19 MP: 0/0
     2 | D:1      | Gained mutation: You possess an exceptional clarity of
                  | mind. [potion of mutation]
     2 | D:1      | Lost mutation: You possess an exceptional clarity of mind.
                  | [potion of mutation]
     2 | D:1      | Gained mutation: Your skin changes colour to match your
                  | surroundings (Stealth+). [potion of mutation]
     2 | D:1      | Gained mutation: You have a pair of small horns on your
                  | head. [potion of mutation]
   119 | D:1      | Reached XP level 2. HP: 24/27 MP: 1/1
   201 | D:1      | Reached skill level 3 in Maces & Flails
   267 | D:1      | Reached XP level 3. HP: 33/33 MP: 2/2
  1078 | D:2      | Found a basalt altar of Yredelemnul.
  1130 | D:2      | Reached XP level 4. HP: 42/42 MP: 3/3
  1866 | D:3      | Noticed Natasha
  1877 | D:3      | Killed Natasha
  1878 | D:3      | Reached skill level 1 in Armour
  2043 | D:3      | Reached XP level 5. HP: 49/49 MP: 4/4
  2114 | D:3      | Noticed Natasha
  2136 | D:3      | Killed Natasha
  2290 | D:3      | Noticed Natasha
  2305 | D:3      | Killed Natasha
  2378 | D:3      | Reached skill level 1 in Unarmed Combat
  2443 | D:3      | Noticed Ijyb
  2450 | D:3      | Killed Ijyb
  2593 | D:4      | Reached skill level 1 in Staves
  2627 | D:4      | Reached skill level 1 in Axes
  2627 | D:4      | Reached skill level 1 in Stealth
  2627 | D:4      | Reached XP level 6. HP: 57/57 MP: 5/5
  2666 | D:4      | Reached skill level 4 in Maces & Flails
  3230 | D:5      | Entered Level 5 of the Dungeon
  3261 | D:5      | Noticed a sky beast
  3269 | D:5      | Killed a sky beast
  3270 | D:5      | Reached skill level 1 in Polearms
  3270 | D:5      | Reached XP level 7. HP: 54/65 MP: 6/6
  3505 | D:5      | Found a runed translucent gate.
  3505 | D:5      | Found a runed translucent gate.
  3505 | D:5      | Found a runed translucent gate.
  3507 | D:5      | Found an opulent altar of Gozag.
  3513 | D:5      | Noticed lasso's ghost (weakling MiDe)
  3534 | D:5      | Killed lasso's ghost
  3658 | D:5      | Found an ancient bone altar of Kikubaaqudgha.
  3690 | D:5      | Reached skill level 1 in Evocations
  3759 | D:5      | Reached XP level 8. HP: 65/74 MP: 7/7
  3770 | D:5      | Reached skill level 5 in Maces & Flails
  4312 | D:6      | Noticed Grinder
  4327 | D:6      | Found a glowing drain.
  4483 | Sewer    | Entered a sewer
  5269 | D:6      | Reached XP level 9. HP: 65/81 MP: 8/8
  5340 | D:6      | Found Pal Fiazu's Weapon Shop.
  5344 | D:6      | Bought a +2 flail of draining for 201 gold pieces
  5367 | D:6      | Paralysed by Grinder for 7 turns
  5379 | D:6      | Killed Grinder
  5380 | D:6      | Reached skill level 6 in Maces & Flails
  5396 | D:6      | Noticed Menkaure
  5399 | D:6      | Killed Menkaure
  5404 | D:6      | Found a staircase to the Ecumenical Temple.
  5415 | Temple   | Entered the Ecumenical Temple
  5462 | Temple   | Became a worshipper of Nemelex Xobeh the Trickster
  5689 | D:6      | HP: 1/81 [orc warrior/+0 glaive (12)]
  5690 | D:6      | Killed from afar by an orc priest

Illustrated notes

Levels and vault maps discovered:
D:1:      tarquinn_simple_flora_water_d, layout_basic, minmay_gold_behind_fungi,
          minmay_box_of_dots
D:2:      layout_basic, nicolae_overflow_hidden_temple
D:3:      layout_loops_ring, uniq_ijyb, uniq_natasha
D:4:      layout_loops_ring
D:5:      layout_loops_ring, kennysheep_vampire_church, ebering_ghost_gozag
D:6:      layout_basic, minmay_temple_entry_slanted, serial_shops, shop,
          cheibrodos_sewer_entry_sluice, grunt_ministairs_4, minivault_11,
          uniq_grinder, uniq_menkaure
Temple:   compressed_dpeg_circular_temple

Skill      XL: |  1  2  3  4  5  6  7  8  9 |
---------------+----------------------------+-----
Maces & Flails | 3 4 5 6 |  6.2
Throwing       | 2 3 |  3.6
Armour         | 1 2 |  2.7
Fighting       | 2 3 |  3.1
Unarmed Combat | 1 2 3 |  3.1
Staves         | 1 2 |  2.7
Axes           | 1 2 |  2.5
Stealth        | 1 |  1.8
Dodging        | 3 4 |  4.2
Polearms       | 1 2 |  2.5
Evocations     | 1 2 |  2.1

Action                   |  1- 3 |  4- 6 |  7- 9 || total
-------------------------+-------+-------+-------++-------
Melee: Flail             |    90 |   130 |   296 ||   516
       Headbutt          |    20 |    21 |    44 ||    85
       Punch             |       |       |     2 ||     2
Throw: Throwing net      |     5 |     1 |       ||     6
       Dart              |    12 |    33 |    59 ||   104
       Javelin           |       |       |    13 ||    13
Evoke: Wand              |       |     6 |    44 ||    50
  Use: Potion            |     4 |     9 |     4 ||    17
       Scroll            |     5 |     7 |     5 ||    17
 Stab: Sleeping          |     8 |     5 |     4 ||    17
       Held in net/web   |     1 |       |       ||     1
       Invisible         |     2 |     2 |       ||     4
Armor: Robe              |    21 |    49 |   197 ||   267
Dodge: Dodged            |    47 |    68 |   261 ||   376
